 Dungeon Crawl Stone Soup version 0.20.0-15-g7f486f2 (console) character file.

236 bli the Covered (level 6, -1/48 HPs)
             Began as a Barachi Fighter on June 13, 2017.
             Slain by bli's ghost (13 damage)
             ... on level 3 of the Dungeon.
             The game lasted 00:08:04 (1580 turns).

bli the Covered (Barachi Fighter)                   Turns: 1580, Time: 00:08:05

Health: -1/48      AC:  7    Str: 18    XL:     6   Next: 6%
Magic:  6/6        EV:  9    Int:  8    God:
Gold:   59         SH:  9    Dex: 13    Spells: 5/5 levels left

rFire    . . .     SeeInvis .   a - +0 long sword
rCold    . . .     Gourm    .   c - +0 shield
rNeg     . . .     Faith    .   h - +0 ring mail
rPois    .         Spirit   .   (no helmet)
rElec    .         Reflect  .   (no cloak)
rCorr    .         Harm     .   q - +0 pair of gloves
MR       .....     Rnd*Tele +   (no boots)
Stlth    +.........             (no amulet)
Regen    0.2/turn               r - ring of teleportation (curse)
MPRegen  0.1/turn               (no ring)

@: slow
A: +LOS, swims, slowness 1, strong legs 1
a: Hop


You were on level 3 of the Dungeon.
You were hungry.

You visited 1 branch of the dungeon, and saw 3 of its levels.

You collected 59 gold pieces.

Inventory:

Hand Weapons
 a - a +0 long sword (weapon)
Missiles
 e - 42 stones (quivered)
Armour
 b - a +0 scale mail
 c - a +0 shield (worn)
 h - a +0 ring mail (worn)
 q - a +0 pair of gloves (worn)
 v - a +0 chain mail
 w - a +0 pair of gloves
Jewellery
 r - a cursed ring of teleportation (left hand)
Scrolls
 d - a scroll of blinking {unknown}
 i - a scroll of noise {unknown}
 k - a scroll of random uselessness {unknown}
 m - a scroll of amnesia {unknown}
 o - a scroll of fog {unknown}
 s - 2 scrolls of identify {unknown}
 u - a scroll of enchant armour {unknown}
Potions
 g - a potion of berserk rage {unknown}
 l - a potion of haste {unknown}
 p - a potion of heal wounds {unknown}
Comestibles
 f - 2 bread rations
 j - 3 chunks of flesh
 n - a meat ration
 t - a fruit


   Skills:
 + Level 4.1 Fighting
 + Level 4.5 Long Blades
 * Level 5.0 Armour
 + Level 0.9 Dodging
 + Level 0.2 Stealth
 * Level 4.7 Shields


You had 5 spell levels left.
You didn't know any spells.

Dungeon Overview and Level Annotations

Branches:
Dungeon (3/15)

Altars:

Annotations:
D:3 bli's ghost, amateur GrMo


Innate Abilities, Weirdness & Mutations

Shadows flee at your approach. (+LOS)
You can swim through water.
You cover ground slowly.
You can hop short distances.


Message History

You see here a chain mail.
v - a chain mail A hobgoblin comes into view.
It is wielding a club.
The hobgoblin shouts!
A kobold comes into view.
The kobold shouts!
Bli's ghost (amateur Gargoyle Monk) comes into view.
It is wielding a weapon of electrocution.
Bli's ghost moves out of view.
The hobgoblin hits you with a club.
* * * LOW HITPOINT WARNING * * *
You see here a pair of gloves.
You slash the hobgoblin!
You kill the hobgoblin!
w - a pair of gloves You block the kobold's attack.
You block the kobold's attack.
You feel a little less mighty now. The kobold hits you but does no damage.
Bli's ghost hits you but does no damage.
You are electrocuted!
You die...

# .#. ..########
.###.......#
..........#
#........#
#........#
#........#
#......<.###
#..........#
...##..@....#
..######..WK##.#
............##†#
..######....##.#
#.......#
#.>.....###
#...........
#..####.###.
#..####.#
#.......#
#...#####


You could see bli's ghost and a kobold.

Vanquished Creatures
  An ice beast (D:3)
  Jessica (D:2)
  3 adders (D:2)
  2 oozes (D:2)
  2 worms (D:2)
  3 dart slugs
  3 leopard geckos
  A ball python (D:2)
  9 bats
  A giant cockroach (D:1)
  5 hobgoblins
  12 jackals (D:1)
  5 kobolds
  2 frilled lizards (D:2)
  4 goblins (D:1)
  7 rats
61 creatures vanquished.

Notes
Turn   | Place    | Note
-------+----------+-------------------------------------------
     0 | D:1      | bli the Barachi Fighter began the quest for the Orb.
     0 | D:1      | Reached XP level 1. HP: 18/18 MP: 1/1
    47 | D:1      | Reached XP level 2. HP: 21/25 MP: 2/2
   335 | D:1      | Reached skill level 4 in Armour
   371 | D:1      | Reached XP level 3. HP: 28/30 MP: 3/3
   921 | D:2      | Noticed Jessica
   940 | D:2      | Killed Jessica
   940 | D:2      | Reached XP level 4. HP: 23/37 MP: 4/4
  1458 | D:2      | Reached XP level 5. HP: 40/42 MP: 5/5
  1521 | D:3      | Noticed an ice beast
  1547 | D:3      | Killed an ice beast
  1547 | D:3      | Reached skill level 5 in Armour
  1547 | D:3      | Reached XP level 6. HP: 8/48 MP: 6/6
  1566 | D:3      | Noticed bli's ghost (amateur GrMo)
  1580 | D:3      | Slain by bli's ghost

Skill      XL: |  1  2  3  4  5 |
---------------+----------------+-----
Armour         | 4 5 |  5.0
Shields        | 4 |  4.7
Long Blades    | 3 4 |  4.5
Fighting       | 4 |  4.1
Dodging        | |  0.9
Stealth        | |  0.2

Action                   |  1- 3 |  4- 6 || total
-------------------------+-------+-------++-------
Melee: Long sword        |   127 |    94 ||   221
  Use: Potion            |       |     1 ||     1
  Eat: Chunk             |     1 |     2 ||     3
Armor: Scale mail        |    44 |       ||    44
       Ring mail         |    29 |    38 ||    67
Dodge: Dodged            |    50 |    28 ||    78
Block: Shield            |    67 |    48 ||   115
       Rpst.: Long sword |    22 |    14 ||    36
